 Dungeon Crawl Stone Soup version 0.20.2-3-g29329e0561 (webtiles) character file.

77 Alfie the Skirmisher (level 4, -2/40 HPs)
             Began as a Hill Orc Fighter on Dec 4, 2023.
             Slain by Grinder (4 damage)
             ... while paralysed by Grinder
             ... on level 3 of the Dungeon.
             The game lasted 00:03:39 (1449 turns).

Alfie the Skirmisher (Hill Orc Fighter)             Turns: 1449, Time: 00:03:39

Health: -2/40      AC: 10    Str: 19    XL:     4   Next: 34%
Magic:  4/4        EV:  2    Int:  8    God:
Gold:   95         SH:  0    Dex: 10    Spells: 3/3 levels left

rFire    . . .     SeeInvis .   a - +0 rapier
rCold    . . .     Gourm    .   c - +0 shield
rNeg     . . .     Faith    .   b - +0 scale mail
rPois    .         Spirit   .   q - +2 helmet
rElec    .         Reflect  .   (no cloak)
rCorr    .         Harm     .   (no gloves)
MR       .....                  (no boots)
Stlth    ..........             (no amulet)
Regen    0.2/turn               (no ring)
MPRegen  0.1/turn               (no ring)

@: paralysed
A: no striking features
a: no special abilities


You were on level 3 of the Dungeon.
You were not hungry.

You visited 1 branch of the dungeon, and saw 3 of its levels.

You collected 95 gold pieces.

Inventory:

Hand Weapons
 a - a +0 rapier (weapon)
Armour
 b - a +0 scale mail (worn)
 c - a +0 shield (worn)
 q - a +2 helmet (worn)
Scrolls
 e - 2 scrolls of recharging {unknown}
 g - a scroll of magic mapping {unknown}
 h - a scroll of remove curse {unknown}
 i - 2 scrolls of blinking {unknown}
 j - a scroll of immolation {unknown}
 k - 2 scrolls of fear {unknown}
 n - a scroll of fog {unknown}
 o - a scroll of amnesia {unknown}
 p - 3 scrolls of identify {unknown}
Potions
 d - 2 potions of might
 l - 3 potions of flight {unknown}
 m - a potion of haste
 r - a potion of resistance {unknown}
Comestibles
 f - 3 bread rations


   Skills:
 + Level 4.2 Fighting
 + Level 2.9 Short Blades
 + Level 4.0 Armour
 + Level 0.4 Dodging
 + Level 0.1 Stealth
 + Level 3.7 Shields


You had 3 spell levels left.
You didn't know any spells.

Dungeon Overview and Level Annotations

Branches:
Dungeon (3/15)

Altars:
Elyvilon

Annotations:
D:3 Grinder


Message History

You can move again.
You barely miss Grinder. Grinder hits you.
You writhe in agony.
Grinder hits you!
* * * LOW HITPOINT WARNING * * *
You writhe in agony.
* * * LOW HITPOINT WARNING * * *
You closely miss Grinder. Grinder hits you but does no damage.
Grinder barely misses you.
You hit Grinder.
Grinder is lightly wounded.
You block Grinder's attack. Grinder barely misses you.
You closely miss Grinder.
Grinder is lightly wounded.
Grinder gestures at you.
You suddenly lose the ability to move!
Grinder hits you but does no damage. Grinder gestures at you.
You shrug off the repeated paralysis!
Grinder hits you.
You die...

.. ########### .#
..........####.#
.....%....##<#.#
.......?..##.#.#
#........##.#.####..
#........##.#......#
+.....5@.'..........
#........##.########
####.....##.#
#.....##.#
#.....##.#
#.....##.#
#.....##.#
#.....##.#


You could see Grinder.

Vanquished Creatures
  2 adders (D:2)
  A worm (D:2)
  A dart slug (D:1)
  3 leopard geckos
  10 bats
  2 giant cockroaches
  4 goblins
  5 hobgoblins
  4 jackals (D:2)
  8 frilled lizards
  5 kobolds
  8 rats
53 creatures vanquished.

Vanquished Creatures (others)
  4 toadstools (D:1)
4 creatures vanquished.

Grand Total: 57 creatures vanquished

Notes
Turn   | Place    | Note
-------+----------+-------------------------------------------
     0 | D:1      | Alfie the Hill Orc Fighter began the quest for the Orb.
     0 | D:1      | Reached XP level 1. HP: 19/19 MP: 1/1
   212 | D:1      | Reached XP level 2. HP: 27/27 MP: 2/2
   357 | D:1      | Reached XP level 3. HP: 33/33 MP: 3/3
   749 | D:2      | Found a white marble altar of Elyvilon.
  1014 | D:2      | Reached XP level 4. HP: 26/40 MP: 4/4
  1427 | D:3      | Noticed Grinder
  1436 | D:3      | Paralysed by Grinder for 7 turns
  1444 | D:3      | HP: 2/40 [Grinder (6)]
  1447 | D:3      | Paralysed by Grinder for 5 turns
  1449 | D:3      | Slain by Grinder

Skill      XL: |  1  2  3  4 |
---------------+-------------+-----
Fighting       | 4 |  4.2
Armour         | 4 |  4.0
Short Blades   | |  2.9
Dodging        | |  0.4
Stealth        | |  0.1
Shields        | |  3.7

Action                   |  1- 3 |  4- 6 || total
-------------------------+-------+-------++-------
Melee: Rapier            |   171 |    32 ||   203
  Eat: Royal jelly       |     1 |       ||     1
Armor: Scale mail        |   104 |    15 ||   119
Dodge: Dodged            |    65 |     8 ||    73
Block: Shield            |   101 |     9 ||   110
